 Dungeon Crawl Stone Soup version 0.29.1 (webtiles) character file.

Game seed: 226131242393654822

53 qw the Chopper (level 3, -6/23 HPs)
             Began as a Gargoyle Fighter on Sept 13, 2022.
             Mangled by an iguana (8 damage)
             ... on level 2 of the Dungeon.
             The game lasted 00:00:29 (1534 turns).

qw the Chopper (Gargoyle Fighter)                   Turns: 1534, Time: 00:00:29

Health: -6/23      AC: 10    Str: 21    XL:     3   Next: 89%
Magic:  3/3        EV:  9    Int:  8    God:
Gold:   93         SH:  4    Dex:  9    Spells: 2/2 levels left

rFire   . . .      SeeInvis .   Y - +0 war axe
rCold   . . .      Faith    .   c - +0 buckler
rNeg    + . .      Spirit   .   b - +0 scale mail
rPois   inf        Reflect  .   (no helmet)
rElec   +          Harm     .   (no cloak)
rCorr   .          Rampage  .   (no gloves)
Will    .....                   (no boots)
Stlth   ..........              (no amulet)
HPRegen 0.07/turn               (no ring)
MPRegen 0.08/turn               (no ring)

@: no status effects
A: sickness immunity, AC +3, negative energy resistance 1, electricity
resistance, torment resistance 1, petrification resistance
a: no special abilities


You were on level 2 of the Dungeon.
You visited 1 branch of the dungeon, and saw 2 of its levels.

You collected 93 gold pieces.


Innate Abilities, Weirdness & Mutations

You are immune to sickness and miasma.
Your stone body is resilient. (AC +3)
You are immune to poison.
You resist negative energy. (rN+)
You are resistant to electric shocks. (rElec)
You are resistant to unholy torment.
You are immune to petrification.


   Skills:
 - Level 3.2 Fighting
 + Level 3.7 Axes
 - Level 3.2 Armour
 - Level 3.2 Shields


You had 2 spell levels left.
You didn't know any spells.
Your spell library was empty.

Inventory:

Hand Weapons
 n - a +0 flail
 Y - a +0 war axe (weapon)
Armour
 b - a +0 scale mail (worn)
 c - a +0 buckler (worn)
 i - a +0 pair of boots
 o - a +0 chain mail
Scrolls
 a - a scroll of identify
 h - 2 scrolls of teleportation {unknown}
Potions
 d - a potion of might
 e - a potion of cancellation {unknown}
 f - a potion of curing
 g - a potion of heal wounds {unknown}
 j - a potion of magic {unknown}
 k - a potion of lignification {unknown}
 l - a potion of mutation {unknown}

Dungeon Overview and Level Annotations

Branches:
Dungeon (2/15)

Altars:


Message History

The ball python bites you but does no damage.
The ball python barely misses you. The ball python closely misses you. x2
You barely miss the ball python. The ball python barely misses you.
The ball python closely misses you.
You closely miss the ball python. The ball python closely misses you. x2
The ball python bites you but does no damage.
The ball python closely misses you.
You slash the ball python!
You kill the ball python!
Found a ring mail.
Found two robes.
There is an open door here.
Things that are here:
a staff of fire; 5 stones You see here a +0 robe.
A bat comes into view.
The bat closely misses you.
You slash the bat!
You kill the bat!
You now have 93 gold pieces (gained 7).
An iguana comes into view.
Enter note:
Enter note: You hit the iguana.
The iguana is lightly wounded.
The iguana barely misses you.
You hit the iguana.
The iguana is moderately wounded.
The iguana bites you. The iguana bites you!
You hit the iguana.
The iguana is heavily wounded.
The iguana bites you!
You slash the iguana!
The iguana is almost dead.
You block the iguana's attack.
You barely miss the iguana.
The iguana is almost dead.
The iguana bites you!
You die...

## ## #.#####.# #.@.....#
####### #l#.....# #.....#
#.##.#### #.###.# .. #.# #.#
#.# ### #.# #.# #.# #.# #.#
#.# #. #.######.###.# #.
#........#...#
#.####################.#####


You could see an iguana.

Vanquished Creatures
  Terence (D:2)
  3 hobgoblins
  3 quokkas (D:2)
  5 ball pythons
  6 bats
  2 frilled lizards
  7 goblins
  3 kobolds
  A rat (D:1)
31 creatures vanquished.

Notes
Turn   | Place    | Note
-------+----------+-------------------------------------------
     0 | D:1      | qw the Gargoyle Fighter began the quest for the Orb.
     0 | D:1      | Reached XP level 1. HP: 14/14 MP: 1/1
     0 | D:1      | 0 ||| qw: Version: 0.1-a-119-g272c26d
     0 | D:1      | 0 ||| qw: Game counter: 11278
     0 | D:1      | 0 ||| qw: Always use a shield: true
     0 | D:1      | 0 ||| qw: God list: Okawaru
     0 | D:1      | 0 ||| qw: Allow faded altars: false
     0 | D:1      | 0 ||| qw: Do Orc after D:15 true
     0 | D:1      | 0 ||| qw: Do second Lair branch before Depths: true
     0 | D:1      | 0 ||| qw: Lair rune preference: random
     0 | D:1      | 0 ||| qw: Plans: Normal, Zot, God:TSO, Crypt, Tomb, Pan,
                  | Slime, Hells, Zig, Abyss, Orb
     0 | D:1      | 0 ||| PLANNING D:1-11
   218 | D:1      | Reached XP level 2. HP: 19/19 MP: 2/2
   463 | D:1      | Found a faded altar of an unknown god.
   851 | D:1      | 851 ||| READING 2 scrolls labelled DAONOM HI RUKKUYB.
   852 | D:1      | 852 ||| READING 3 scrolls labelled BOFEOGGOLA.
   853 | D:1      | 853 ||| DRINKING 2 smoky brown potions.
   854 | D:1      | 854 ||| DROPPING 2 scrolls of fear.
  1008 | D:2      | Reached skill level 3 in Axes
  1071 | D:2      | Reached XP level 3. HP: 23/23 MP: 3/3
  1162 | D:2      | 1162 ||| DROPPING +0 club.
  1274 | D:2      | Noticed Terence
  1283 | D:2      | Killed Terence
  1442 | D:2      | 1442 ||| DROPPING +0 mace.
  1532 | D:2      | HP: 2/23 [iguana (10)]
  1534 | D:2      | Mangled by an iguana

Levels and vault maps discovered:
D:1:      sevenhm_arrival_forest_fort_large_2, layout_loops_cross,
          ebering_ecumenical_altar_hall
D:2:      layout_basic, uniq_terence, uniq_sigmund

Skill      XL: |  1  2 |
---------------+-------+-----
Axes           | 2 3 |  3.7
Fighting       | |  3.2
Armour         | |  3.2
Shields        | |  3.2

Action                   || total
-------------------------++-------
Melee: War axe           ||    97
  Use: Scroll            ||     2
       Potion            ||     1
Armor: Scale mail        ||    44
Dodge: Dodged            ||    49
Block: Buckler           ||    23

Table legend:
 A = Non-vault XP
 B = Vault XP
 C = Vault XP percentage of total XP
 D = Non-vault monster count
 E = Vault monster count
 F = Vault count percentage of total count
                 A         B        C        D         E       F
            +---------+---------+-------+---------+---------+-------
      Total |      45 |      32 |  41.6 |      30 |       1 |   3.2
            +---------+---------+-------+---------+---------+-------
        D:1 |      24 |       0 |   0.0 |      17 |       0 |   0.0
        D:2 |      21 |      32 |  60.4 |      13 |       1 |   7.1
            +---------+---------+-------+---------+---------+-------
